 Dungeon Crawl Stone Soup version 0.26.0-18-gc5c842f807 (webtiles) character file.

Game seed: 17105266001279203729

2613 Gauvater the Firebug (level 9, -2/81 HPs)
             Began as an Octopode Fire Elementalist on Jan 22, 2021.
             Slain by a sky beast (5 damage)
             ... on level 7 of the Dungeon.
             The game lasted 00:34:01 (8176 turns).

Gauvater the Firebug (Octopode Fire Elementalist)   Turns: 8176, Time: 00:34:14

Health: -2/81      AC: 24    Str:  8    XL:     9   Next: 60%
Magic:  6/18       EV:  2    Int: 20    God:
Gold:   328        SH:  0    Dex: 12    Spells: 19/20 levels left

rFire    + . .     SeeInvis .   t - +0 dagger (vamp)
rCold    . . .     Faith    .   (no shield)
rNeg     + + +     Spirit   .   (helmet currently unavailable)
rPois    +         Reflect  .   (no amulet)
rElec    .         Harm     .   o - ring of protection from fire
rCorr    .         Rampage  .   B - ring of stealth
Will     .....     NoTele   +   (no ring)
Stlth    ++++......             (no ring)
HPRegen  0.23/turn              (no ring)
MPRegen  0.16/turn              (no ring)
                                (no ring)
                                (no ring)

@: tree-form
A: almost no armour, stealthy swim, (amphibious), 8 rings, (constrict 8)
a: no special abilities


You were on level 7 of the Dungeon.
You were a tree.
You visited 2 branches of the dungeon, and saw 8 of its levels.

You collected 328 gold pieces.

Inventory:

Hand Weapons
 d - a +5 short sword
 t - a +0 vampiric dagger (weapon)
 D - a +2 whip of flaming
Missiles
 a - 315 stones
 h - 31 poisoned darts
 k - 246 arrows
 n - 12 boomerangs
 y - 6 javelins
 A - 15 bolts
Jewellery
 o - a ring of protection from fire (left branch)
 B - a ring of stealth (right branch)
Wands
 j - a wand of random effects (13)
Scrolls
 b - 2 scrolls of random uselessness {unknown}
 e - 4 scrolls of amnesia
 f - 3 scrolls of fear
 l - 3 scrolls of immolation
 m - 9 scrolls of teleportation
 q - a scroll of remove curse
 s - 3 scrolls of magic mapping
 v - 3 scrolls of enchant armour {unknown}
 w - a scroll of blinking {unknown}
 z - a scroll of fog {unknown}
 C - a scroll of enchant weapon
Potions
 c - a potion of lignification
 g - 2 potions of mutation
 i - a potion of heal wounds {unknown}
 p - 3 potions of degeneration {unknown}
 r - 3 potions of curing {unknown}
 u - 2 potions of magic {unknown}
 x - 2 potions of brilliance {unknown}
 E - a potion of might {unknown}
 F - a potion of flight


   Skills:
 + Level 2.2 Fighting
 + Level 3.5 Short Blades
 + Level 1.0 Throwing
 + Level 3.8 Dodging
 + Level 5.1 Stealth
 + Level 0.3 Unarmed Combat
 + Level 6.1 Spellcasting
 + Level 6.0 Conjurations
 + Level 7.0 Fire Magic


You had 19 spell levels left.
You knew the following spells:

 Your Spells              Type           Power        Failure   Level
a - Foxfire               Conj/Fire      100%         1%          1

Your spell library contained the following spells:

 Spells                   Type           Power        Failure   Level
 Conjure Flame            Conj/Fire      32%          1%          3
 Sticky Flame             Conj/Fire      32%          7%          4
 Inner Flame              Hex/Fire       20%          8%          3
 Fireball                 Conj/Fire      16%          19%         5


Dungeon Overview and Level Annotations

Branches:
Dungeon (7/15)             Temple (1/1) D:4

Altars:
Ashenzari
Cheibriados
Dithmenos
Elyvilon
Fedhas
Kikubaaqudgha
Makhleb
Nemelex Xobeh
Okawaru
Qazlal
Ru
Sif Muna
Trog
Uskayaw
Vehumet
Xom
Yredelemnul
Zin

Shops:
D:6 *

Annotations:
D:3 2 transporters, Menkaure
D:5 Blork the orc


Innate Abilities, Weirdness & Mutations

You cannot wear most types of armour.
You are very stealthy in the water. (Stealth+)
((You are amphibious.))
You can wear up to eight rings at the same time.
((You can use your tentacles to constrict eight enemies at once.))
((Your skin changes colour to match your surroundings (Stealth+).))
((Your rubbery body absorbs attacks. (AC +1, EV +1)))


Message History

You miss something. Something hits you but does no damage.
You miss something. Something hits you but does no damage.
You hit something. Something hits you but does no damage.
Casting: Foxfire (safe; 1% risk of failure)
Confirm with . or Enter, or press ? or * to list all spells.
You conjure some foxfire!
Something hits you but does no damage.
Casting: Foxfire (safe; 1% risk of failure)
Confirm with . or Enter, or press ? or * to list all spells.
You conjure some foxfire!
The foxfire hits something but does no damage.
Something hits you but does no damage.
You barely miss something.
The foxfire hits something. x2
Casting: Foxfire (safe; 1% risk of failure)
Confirm with . or Enter, or press ? or * to list all spells.
You conjure some foxfire!
The foxfire hits something but does no damage.
Something hits you.
* * * LOW HITPOINT WARNING * * *
Something shocks you.
You die...

.... #.. ...# ..#
###.. ..... ###...#
#....!##..#
##.....#####......#..#
#)........#..........#
#.....{#... ..........
#.....♣##.###.@.......
#..#.vv§#..(..........
#....(.....>(.(....
#............#...
###.#..###.†.# ######
##...... ###....#
...... ....#.


There were no monsters in sight!

Vanquished Creatures
  Pikel (D:5)
  Joseph (D:7)
  Sigmund (D:2)
  An ice beast (D:6)
  An orc warrior (D:6)
  A sky beast (D:6)
  2 ogres
  2 centaurs
  2 lemures (D:5)
  6 bullfrogs
  3 scorpions
  A centaur zombie (D:5)
  A bullfrog zombie (D:5)
  5 hounds
  4 orc wizards
  Ijyb (D:5)
  A worker ant (D:4)
  A gnoll (D:1)
  A howler monkey skeleton (D:5)
  4 adders
  An ooze (D:4)
  2 adder zombies
  3 worms (D:3)
  3 leopard geckos
  20 orcs
  2 ball pythons
  5 giant cockroaches
  6 goblins
  8 hobgoblins
  15 kobolds
  3 quokkas
  5 bats
  2 frilled lizards
  A giant cockroach zombie (D:6)
  13 rats
129 creatures vanquished.

Vanquished Creatures (collateral kills)
  2 foxfires (D:4)
2 creatures vanquished.

Vanquished Creatures (others)
  478 foxfires
  2 plants (D:5)
480 creatures vanquished.

Grand Total: 611 creatures vanquished

Notes
Turn   | Place    | Note
-------+----------+-------------------------------------------
     0 | D:1      | Gauvater the Octopode Fire Elementalist began the quest for
                  | the Orb.
     0 | D:1      | Reached XP level 1. HP: 11/11 MP: 3/3
   642 | D:1      | Reached XP level 2. HP: 17/17 MP: 3/5
  1456 | D:2      | Reached XP level 3. HP: 21/21 MP: 2/6
  2178 | D:2      | Noticed Sigmund
  2311 | D:2      | Noticed a scorpion
  2322 | D:2      | Killed a scorpion
  2323 | D:2      | Reached skill level 4 in Fire Magic
  2323 | D:2      | Reached XP level 4. HP: 20/27 MP: 0/7
  2447 | D:2      | Killed Sigmund
  2448 | D:2      | Reached XP level 5. HP: 20/31 MP: 2/9
  2448 | D:2      | Reached XP level 6. HP: 23/36 MP: 2/10
  2883 | D:2      | Found a burning altar of Makhleb.
  3534 | D:3      | Found a transporter.
  3577 | D:3      | Found a transporter.
  3577 | D:3      | Found an ancient bone altar of Kikubaaqudgha.
  3582 | D:3      | Noticed Menkaure
  3589 | D:3      | Found a basalt altar of Yredelemnul.
  3790 | D:3      | Found a sacrificial altar of Ru.
  3908 | D:4      | Found a blossoming altar of Fedhas.
  3916 | D:4      | Reached XP level 7. HP: 34/42 MP: 8/12
  4044 | D:4      | Found a stormy altar of Qazlal.
  4363 | D:4      | Reached skill level 5 in Fire Magic
  4742 | D:4      | Found a staircase to the Ecumenical Temple.
  4748 | Temple   | Entered the Ecumenical Temple
  5252 | D:5      | Entered Level 5 of the Dungeon
  5299 | D:5      | Noticed Blork the orc
  5390 | D:5      | Noticed Ijyb
  5402 | D:5      | Killed Ijyb
  5752 | D:5      | Reached skill level 1 in Short Blades
  5808 | D:5      | Noticed Pikel
  5861 | D:5      | Reached XP level 8. HP: 21/47 MP: 9/14
  5893 | D:5      | Killed Pikel
  5894 | D:5      | Reached skill level 1 in Fighting
  5894 | D:5      | Reached skill level 6 in Fire Magic
  6302 | D:6      | Reached skill level 5 in Spellcasting
  6339 | D:6      | Reached skill level 5 in Conjurations
  6597 | D:6      | Reached XP level 9. HP: 54/54 MP: 11/16
  7015 | D:6      | Reached skill level 1 in Throwing
  7015 | D:6      | Reached skill level 5 in Stealth
  7479 | D:6      | Found Kienaow's Elemental Accessories.
  7778 | D:7      | Noticed Joseph
  8161 | D:7      | HP: 3/81 [Joseph/+0 quarterstaff (2)]
  8168 | D:7      | Killed Joseph
  8169 | D:7      | Reached skill level 7 in Fire Magic
  8176 | D:7      | HP: 3/81 [something (3)]
  8176 | D:7      | Slain by a sky beast

Illustrated notes

Levels and vault maps discovered:
D:1:      wheals_arrival_linesprint, layout_basic
D:2:      layout_rooms, makhleb_blood_cavern_becter, uniq_sigmund
D:3:      layout_rooms, gammafunk_temple_of_torment,
          cheibrodos_sewer_entry_sluice, nicolae_ru_the_path_less_chosen
D:4:      layout_basic, fedhas_bush_and_centaur_altar,
          minmay_temple_entry_statues, grunt_qazlal_sundering
D:5:      layout_loops_ring, lemuel_coloured_pillars_altar,
          serial_bayou_crossing, uniq_blork_the_orc, uniq_pikel, uniq_ijyb
D:6:      layout_gridville, nicolae_elemental_shop, mumra_transporter_accident,
          minmay_liquid_box, kennysheep_small_circle
D:7:      layout_cave_pools, lemuel_doored_altar, uniq_joseph
Temple:   dshaligram_water_room_temple

Skill      XL: |  1  2  3  4  5  6  7  8  9 |
---------------+----------------------------+-----
Conjurations   | 2 3 4 5 6 |  6.0
Fire Magic     | 4 5 6 7 |  7.0
Stealth        | 3 4 5 |  5.1
Spellcasting   | 3 4 5 6 |  6.1
Dodging        | 3 |  3.8
Short Blades   | 1 3 |  3.5
Fighting       | 2 |  2.2
Throwing       | 1 |  1.0
Unarmed Combat | |  0.3

Action                   |  1- 3 |  4- 6 |  7- 9 || total
-------------------------+-------+-------+-------++-------
Melee: Unarmed           |    15 |       |       ||    15
       Constrict         |     4 |     3 |    14 ||    21
       Tentacles         |     2 |     1 |    10 ||    13
       Short sword       |       |    12 |    59 ||    71
       Dagger            |       |       |     9 ||     9
Throw: Dart              |     1 |       |     4 ||     5
       Throwing net      |       |       |     1 ||     1
 Cast: Foxfire           |    58 |    66 |   159 ||   283
  Use: Potion            |     4 |       |     1 ||     5
       Scroll            |       |     5 |     6 ||    11
 Stab: Sleeping          |       |       |     3 ||     3
Armor: Skin              |     6 |     2 |    12 ||    20
Dodge: Dodged            |    35 |    29 |    57 ||   121
